Zazza, neutral female human Tourist --- ---- ---.------..| --- --- |.....--....---- --.| --- |.--- --- |..............---..| --.---- --..---.-- ----...............-- --.....-- |...|...| -----.............------ -------.......| --......| --.--|.-..........-- |..| ------ |...--.......-| ---....| |....--...........| --.--- --....|--.............-- |...-- |.................------..-- -------..--.-->..............| ---.--- ---..........%.......---...| --........||.................-- |...| --...........-...<......----....---------...............| ---- ---.| |.........G...........@.........| |...............| |..| --.| -----..........--..)...-----...-- --.......---....| ---..----..-------------.........--.--....| |...| --......|--....-- |..............................)(...||....-- ----- --.--.---|......-- |........---------------...........------..| ----.-|--- |.......| --.---....| --............| |..| --.....-- ---....-- --- --..-- --...........-- ---- --.......| --...-- ---- |............| |...---.-- |....| --.--.|.---.-- --.-- --- ---..| -------- --- --- ---- Zazza the Rambler Experience level: 1 Strength: 11 Dexterity: 13 Constitution: 13 Intelligence: 12 Wisdom: 8 Charisma: 18 Health: 0(18) Energy: 2(2) Def: 2 Gold: 635 Moves: 902 Dungeon seed: hBoJlyB5As5nxZoq Game ID: Zazza_1619106142 Your Inventory: Coins $ - 635 gold pieces Amulets s - a cursed amulet of restful sleep Weapons a - 21 +2 darts (in quiver) p - a +0 mace Armor e - an uncursed +0 Hawaiian shirt q - an uncursed +1 Hawaiian shirt (being worn) r - an uncursed +0 pair of water walking boots (being worn) Comestibles b - 5 uncursed food rations c - an uncursed carrot d - an uncursed egg g - an uncursed apple h - an uncursed cram ration x - an uncursed lembas wafer Scrolls l - 2 uncursed scrolls of magic mapping t - an uncursed scroll of enchant armor A - an uncursed scroll of identify Potions j - an uncursed potion of extra healing Tools m - an expensive camera (0:83) n - an uncursed credit card o - a magic marker (0:75) w - an uncursed tin opener z - an uncursed skeleton key Gems y - an uncursed flint stone Spells and supernatural/magical abilities: Name Level Category Fail Memory W - pray for help -- divine ? -- Your skills at the end: Fighting Skills Weapon Skills dart [Basic] Spellcasting Skills Final Attributes: You were nominally aligned. You could walk on water. You are dead. Vanquished creatures: a gnome lord 2 gnomish wizards a dwarf a hobbit 2 gnomes 5 jackals a kobold a sewer rat a grid bug a lichen 3 newts 19 creatures vanquished. Voluntary challenges: You never hit with a wielded weapon. You were a pacifist. You read items or engraved 8 times, starting on turn 590. You never genocided any monsters. You never polymorphed an object. You never changed form. You used no wishes. You never split a pudding. You wrote Elbereth's name 1 time, starting on turn 875. You never violated your personal moral code. Dungeon overview: The Dungeons of Doom: levels 1 to 2 Level 1 a fountain a long staircase Level 2 stairs to The Gnomish Mines The Gnomish Mines: levels 3 to 4 Level 3 stairs to The Dungeons of Doom Level 4 <- You were here History has recorded: On T:1 you entered the Dungeons of Doom to retrieve the Amulet of Yendor! On T:501 you reached level 2 of The Dungeons of Doom. On T:831 you reached level 1 of The Gnomish Mines. On T:862 you reached level 2 of The Gnomish Mines. Score breakdown: Gold: 130 ( 7202 points) Experience: 1 level ( 0 points) Exploration: 4 levels ( 8.16%) ( 7500 points) Discoveries: 5 items ( 1.68%) ( 3885 points) Valuables value: (no points given unless you survive) Artifact value: 0 ( 0 points) Variety of kills: 11 monsters ( 2.89%) ( 5097 points) Turncount: 902 turns ( 0 points) Survival: died (score multiplied by 80%) Total score: 18947 Latest messages: You stop travelling. The gnome lord hurls an effervescent potion! The effervescent potion slips as the gnome lord throws it! An effervescent potion shatters! You smell a peculiar odor... You feel rather tired. It hits! The combat suddenly awakens you. The gnome picks up a sling. Where do you want to travel to? You stop travelling. Where do you want to travel to? You stop travelling. Where do you want to travel to? Armand drops a dart. You stop travelling. Where do you want to travel to? You hear a horn being played. You stop travelling. The bolt of cold hits you! You die... Final status: Aloha Zazza the Tourist, killed by a bolt of cold... You died in The Gnomish Mines on dungeon level 4 with 18947 points, and 635 pieces of gold, after 902 moves. You were level 1 with a maximum of 18 hit points when you died.